 Dungeon Crawl Stone Soup version 0.25-a0-734-g73332aeda9 (webtiles) character file.

Game seed: 15737323986988193065, levelgen mode: deterministic

67 Gynju the Purveyor of Pain (level 3, -3/24 HPs)
             Began as a Vampire Necromancer on Apr 9, 2020.
             Was an Initiate of Kikubaaqudgha.
             Slain by a worm (7 damage)
             ... on level 2 of the Dungeon on Apr 10, 2020.
             The game lasted 00:03:47 (1630 turns).

Gynju the Purveyor of Pain (Vampire Necromancer)    Turns: 1630, Time: 00:03:48

Health: -3/24      AC:  3    Str:  7    XL:     3   Next: 98%
Magic:  1/7        EV: 13    Int: 18    God:    Kikubaaqudgha [......]
Gold:   140        SH:  0    Dex: 14    Spells: 5/7 levels left

rFire    . . .     SeeInvis +   h - +0 short sword
rCold    . . .     Gourm    .   (no shield)
rNeg     . . .     Faith    .   a - +0 robe
rPois    .         Spirit   .   (no helmet)
rElec    .         Reflect  .   (no cloak)
rCorr    .         Harm     .   l - +0 pair of gloves
MR       .....                  (no boots)
Stlth    ++........             (no amulet)
HPRegen  0.28/turn              (no ring)
MPRegen  0.10/turn              (no ring)

@: regenerating quickly
A: no food, fangs 3, see invisible, unbreathing
a: Exsanguinate, Renounce Religion


You were on level 2 of the Dungeon.
You worshipped Kikubaaqudgha.
Kikubaaqudgha was noncommittal.
You were alive.

You visited 1 branch of the dungeon, and saw 2 of its levels.

You collected 140 gold pieces.

Inventory:

Hand Weapons
 d - a +0 dagger
 h - a +0 short sword (weapon)
Missiles
 c - a throwing net (quivered)
Armour
 a - a +0 robe (worn)
 l - a +0 pair of gloves (worn)
Jewellery
 k - an uncursed amulet of magic regeneration {unknown}
Scrolls
 f - 2 scrolls of enchant weapon {unknown}
 i - 2 scrolls of identify {unknown}
 j - a scroll of enchant armour {unknown}
Potions
 b - a potion of degeneration {unknown}
 e - 3 potions of curing {unknown}
 g - 2 potions of brilliance {unknown}


   Skills:
 + Level 3.2 Dodging
 - Level 3.0 Stealth
 + Level 2.7 Spellcasting
 + Level 5.0 Necromancy


You had 5 spell levels left.
You knew the following spells:

 Your Spells              Type           Power        Failure   Level  Hunger
a - Pain                  Necr           ###.         1%          1    N/A
b - Animate Skeleton      Necr           N/A          1%          1    N/A

Your spell library contained the following spells:

 Spells                   Type           Power        Failure   Level  Hunger
 Vampiric Draining        Necr           ###.......   6%          3    N/A
 Animate Dead             Necr           N/A          21%         4    N/A
 Agony                    Necr           ###.....     50%         5    N/A

Dungeon Overview and Level Annotations

Branches:
Dungeon (2/15)

Altars:
Kikubaaqudgha
Trog
Uskayaw


Innate Abilities, Weirdness & Mutations

You do not eat.
Your natural rate of healing is unusually fast.
You have razor-sharp teeth.
You have supernaturally acute eyesight. (SInv)
You can survive without breathing.


Message History

You catch the helpless worm completely off-guard!
You hit the worm.
The worm is moderately wounded.
Your bat skeleton barely misses the worm. x2
Your bat skeleton hits the worm.
The worm bites you!
Ouch! That really hurt!
* * * LOW HITPOINT WARNING * * *
You hit the worm but do no damage.
The worm is moderately wounded.
Your bat skeleton hits the worm but does no damage.
Your bat skeleton hits the worm.
Your bat skeleton hits the worm but does no damage.
The worm bites your bat skeleton!
Your bat skeleton is destroyed!
You barely miss the worm.
The worm is moderately wounded.
The worm barely misses you. The worm bites you!
You die...
Kikubaaqudgha rasps: "You have failed me!
Welcome... death!"

.### #...'.♣.....♣.... ...#
#####..........[. .###
#.♣#♣.♣#♣#### .#
########.##+.###...#####
.###........#......†......# ##
.##........##.............# #.
.##........####.##........# #.
...........####.####......# #.
.##.......##....@..##.....# #.
.##......##......w..##....# #.
.##......#........†..###### #.
P..P.....#...†###..†.# #♣
P♣♣P.....#...##y##†..######### #.
♣♣..P....#....###....#.......# #♣
..P......##.........##..########.
PPP...#..##...._..).##..'.......♣
♣P....######..).).)##...######...


You could see a moth of wrath and a worm (berserk).

Vanquished Creatures
  4 adders (D:2)
  2 leopard geckos (D:1)
  5 bats
  3 goblins
  2 hobgoblins (D:1)
  2 frilled lizards
  4 kobolds
  8 rats
30 creatures vanquished.

Vanquished Creatures (collateral kills)
  An ooze (D:2)
  A rat (D:2)
2 creatures vanquished.

Grand Total: 32 creatures vanquished

Notes
Turn   | Place    | Note
-------+----------+-------------------------------------------
     0 | D:1      | Gynju the Vampire Necromancer began the quest for the Orb.
     0 | D:1      | Reached XP level 1. HP: 13/13 MP: 3/3
   233 | D:1      | Reached XP level 2. HP: 19/19 MP: 3/5
   830 | D:1      | Learned a level 1 spell: Animate Skeleton
   831 | D:2      | Found a hide-covered altar of Uskayaw.
   831 | D:2      | Noticed a +0 hand axe
   831 | D:2      | Noticed a +0 hand axe
   897 | D:2      | Reached XP level 3. HP: 21/24 MP: 0/6
  1008 | D:2      | Found an ancient bone altar of Kikubaaqudgha.
  1012 | D:2      | Became a worshipper of Kikubaaqudgha
  1349 | D:2      | Reached skill level 5 in Necromancy
  1600 | D:2      | Noticed a moth of wrath
  1603 | D:2      | Found a bloodstained altar of Trog.
  1608 | D:2      | Upgraded the game from 0.25-a0-731-g0472a16d6a to
                  | 0.25-a0-734-g73332aeda9
  1630 | D:2      | Slain by a worm

Levels and vault maps discovered:
D:1:      giann_horns, layout_loops_ring, minmay_fountain_box, grunt_decor_cap
D:2:      layout_basic, kiku_gazebo_garden_becter, tgw_trog,
          dancing_weapons_uskayaw, serial_forest,
          infiniplex_forest_lined_room_2, infiniplex_forest_straight_2,
          infiniplex_forest_lined_room_3, infiniplex_forest_lined_room_,
          infiniplex_forest_clump_double, infiniplex_forest_join,
          infiniplex_forest_clump_C

Skill      XL: |  1  2  3 |
---------------+----------+-----
Dodging        | 3 |  3.2
Necromancy     | 5 |  5.0
Stealth        | |  3.0
Spellcasting   | |  2.7

Action                   || total
-------------------------++-------
Melee: Unarmed           ||    10
       Bite              ||     6
       Dagger            ||    27
       Short sword       ||     7
 Cast: Pain              ||    43
       Animate Skeleton  ||     5
 Stab: Sleeping          ||     3
       Distracted        ||     1
Armor: Robe              ||     8
Dodge: Dodged            ||    44

Table legend:
 A = Non-vault XP
 B = Vault XP
 C = Vault XP percentage of total XP
 D = Non-vault monster count
 E = Vault monster count
 F = Vault count percentage of total count
                 A         B        C        D         E       F
            +---------+---------+-------+---------+---------+-------
      Total |      92 |       4 |   4.2 |      28 |       4 |  12.5
            +---------+---------+-------+---------+---------+-------
        D:1 |      25 |       0 |   0.0 |      15 |       0 |   0.0
        D:2 |      67 |       4 |   5.6 |      13 |       4 |  23.5
            +---------+---------+-------+---------+---------+-------
